 Dungeon Crawl Stone Soup version 0.31-a0-879-g1609e0ac53 (webtiles) character file.

Game seed: 8318071054002653058

84 Lugonue the Stinger (level 4, -3/31 HPs)
             Began as a Human Venom Mage on Oct 14, 2023.
             Killed by nerve-wracking pain
             ... invoked by Jessica
              (13 damage)
             ... on level 3 of the Dungeon.
             The game lasted 00:05:13 (2175 turns).

Lugonue the Stinger (Human Venom Mage)              Turns: 2175, Time: 00:05:14

Health: -3/31      AC:  6    Str: 10    XL:     4   Next: 72%
Magic:  2/8        EV: 10    Int: 16    God:
Gold:   115        SH:  0    Dex: 13    Spells: 5/8 levels left

rFire   . . .        k - +0 dagger (flame)
rCold   . . .        (no shield)
rNeg    . . .        g - +0 ring mail
rPois   .            (no helmet)
rElec   .            (no cloak)
rCorr   .            (no gloves)
SInv    .            h - +0 pair of boots
Will    .....        (no amulet)
Stlth   +            (no ring)
HPRegen 0.25/turn    (no ring)
MPRegen 0.11/turn

%: no passive effects
@: very slightly contaminated
A: no striking features
a: no special abilities


You were on level 3 of the Dungeon.
You visited 1 branch of the dungeon, and saw 3 of its levels.

You collected 115 gold pieces.

Inventory:

Hand Weapons
 c - a +0 short sword
 k - a +0 dagger of flaming (weapon)
Missiles
 d - 5 javelins
Armour
 g - a +0 ring mail (worn)
 h - a +0 pair of boots (worn)
Jewellery
 e - a ring of see invisible
Wands
 a - a wand of paralysis (6)
Scrolls
 j - a scroll of blinking {unknown}
Potions
 b - a potion of magic
 f - 2 potions of haste {unknown}
 i - a potion of heal wounds {unknown}
 l - 2 potions of might {unknown}


   Skills:
 + Level 0.5 Fighting
 + Level 0.9 Short Blades
 + Level 0.4 Armour
 + Level 2.2 Dodging
 + Level 2.4 Stealth
 + Level 2.7 Spellcasting
 + Level 1.7 Transmutations
 + Level 3.5 Poison Magic


You had 5 spell levels left.
You knew the following spells:

 Your Spells              Type           Power      Damage    Failure   Level
a - Sting                 Tmut/Pois      40%        1d5       17%         1
b - Poisonous Vapours     Pois/Air       14%        N/A       36%         2

Your spell library contained the following spells:

 Spells                   Type           Power      Damage    Failure   Level
 Mephitic Cloud           Conj/Pois/Air  5%         N/A       67%         3
 Olgreb's Toxic Radiance  Pois           13%        N/A       75%         4


Dungeon Overview and Level Annotations

Branches:
Dungeon (3/15)

Altars:

Annotations:
D:3 Jessica


Message History

You miscast Sting.
You are very lightly contaminated with residual magic.
Nothing appears to happen.
The adder bites you but does no damage. x2
Casting: Sting (safe; 17% risk of failure)
Confirm with . or Enter, or press ? or * to list all spells.
Aiming: Sting (safe; 17% risk of failure)
Press: ? - help, Shift-Dir - straight line, f - adder
Aim: an adder (almost dead, poisoned, 53% to hit)
The sting hits the adder.
The adder looks even sicker.
You kill the adder!
Unknown command.
Things that are here:
a +0 club; a goblin corpse
Casting: Sting (safe; 17% risk of failure)
Confirm with . or Enter, or press ? or * to list all spells.
Aiming: Sting (safe; 17% risk of failure)
Press: ? - help, Shift-Dir - straight line, f - Jessica
Aim: Jessica, wielding a +0 dagger and wearing a +0 robe (fast, 71% to hit)
The sting hits Jessica but does no damage.
Jessica is poisoned.
Casting: Sting (safe; 17% risk of failure)
Confirm with . or Enter, or press ? or * to list all spells.
Aiming: Sting (safe; 17% risk of failure)
Press: ? - help, Shift-Dir - straight line, f - Jessica
Aim: Jessica, wielding a +0 dagger and wearing a +0 robe (fast, poisoned, 71% to hit)
The sting hits Jessica.
Jessica looks even sicker.
Jessica is moderately wounded.
Jessica points at you and mumbles some strange words.
Pain shoots through your body!
Casting: Sting (safe; 17% risk of failure)
Confirm with . or Enter, or press ? or * to list all spells.
Aiming: Sting (safe; 17% risk of failure)
Press: ? - help, Shift-Dir - straight line, f - Jessica
Aim: Jessica, wielding a +0 dagger and wearing a +0 robe (moderately wounded, fast, very poisoned, 71% to hit)
The sting hits Jessica.
Jessica looks even sicker.
Jessica is severely wounded.
Jessica barely misses you. Jessica gestures at you while chanting.
Pain shoots through your body!
You die...

#...........#
#...........#....
#...#########... #...#
#... #...# #.. #.))#
#.. #...# #.# #...####
#@# ## #)..##<### #@#
.. #....)†..# #.##.#
##.......# #..#.#
#.......#####.#.######
#.........# #<........
#.......#.####........
#.......#.............
#.......######†.......
#.......# #........


You could see Jessica (fast, very poisoned).

Vanquished Creatures
  A gnoll (D:1)
  3 adders
  5 ball pythons
  An endoplasm (D:1)
  3 giant cockroaches
  6 goblins
  4 hobgoblins
  2 quokkas (D:1)
  5 bats
  5 frilled lizards (D:1)
  8 kobolds
  5 rats
48 creatures vanquished.

Notes
Turn   | Place    | Note
-------+----------+-------------------------------------------
     0 | D:1      | Lugonue the Human Venom Mage began the quest for the Orb.
     0 | D:1      | Reached XP level 1. HP: 13/13 MP: 3/3
   113 | D:1      | Reached XP level 2. HP: 5/19 MP: 0/5
   543 | D:1      | Reached XP level 3. HP: 24/24 MP: 4/6
   546 | D:1      | Learned a level 2 spell: Poisonous Vapours
   592 | D:1      | You fall into a shaft and drop 1 floor!
  1499 | D:1      | Reached XP level 4. HP: 31/31 MP: 4/7
  2158 | D:3      | Noticed Jessica
  2175 | D:3      | Killed from afar by Jessica

Illustrated notes

Levels and vault maps discovered:
D:1:      dpeg_arrival_rooms_a, layout_rooms
D:2:      kennysheep_big_flooded_room, layout_basic, corexii_leaking_fountain
D:3:      layout_basic, uniq_natasha, uniq_jessica, uniq_sigmund

Action                     |  1- 3 |  4- 6 || total
---------------------------+-------+-------++-------
  Melee: Short sword       |    51 |     4 ||    55
         Unarmed           |     1 |       ||     1
         Dagger            |       |    56 ||    56
   Cast: Sting             |    41 |     8 ||    49
    Use: Scroll            |       |     2 ||     2
   Stab: Distracted        |     1 |       ||     1
 Armour: Robe              |    30 |       ||    30
         Ring mail         |    41 |    30 ||    71
  Dodge: Dodged            |    63 |    36 ||    99

Table legend: (Time is in decaauts)
 A = Elapsed time spent in this place.
 B = Non-inter-level travel time spent in this place.
 C = Inter-level travel time spent in this place.
 D = Time resting spent in this place.
 E = Time spent auto-exploring this place.
 F = Levels seen in this place.
 G = Mean time per level.
                   A        B        C        D        E       F      G
               +--------+--------+--------+--------+--------+-----+--------+
         Total |   2174 |   2106 |     68 |    154 |   1403 |   3 |  724.7 |
       Dungeon |   2174 |   2106 |     68 |    154 |   1403 |   3 |  724.7 |
               +--------+--------+--------+--------+--------+-----+--------+

Top non-repeatable levels by time:
     D:1: 1063 daAuts
     D:2: 986 daAuts
     D:3: 124 daAuts
